 Dungeon Crawl Stone Soup version 0.30-a0-160-gcfceee88d3 (webtiles) character file.

Game seed: 5024520606112037988

42 qw the Chopper (level 3, 0/23 HPs)
             Began as a Gargoyle Fighter on Sept 27, 2022.
             Slain by a quokka (1 damage)
             ... on level 2 of the Dungeon.
             The game lasted 00:00:26 (1299 turns).

qw the Chopper (Gargoyle Fighter)                   Turns: 1299, Time: 00:00:27

Health: 0/23       AC: 11    Str: 21    XL:     3   Next: 56%
Magic:  0/3        EV:  9    Int:  8    God:
Gold:   112        SH:  4    Dex:  9    Spells: 2/2 levels left

rFire   + . .      SeeInvis .    Y - +0 war axe
rCold   . . .      Faith    .    c - +0 buckler
rNeg    + . .      Spirit   +    b - +0 scale mail
rPois   inf        Reflect  .    k - +0 helmet
rElec   +          Harm     .    (no cloak)
rCorr   .          Rampage  .    (no gloves)
Will    .....                    (no boots)
Stlth   ..........               g - amulet of guardian spirit
HPRegen 0.07/turn                e - ring of protection from fire
MPRegen 0.08/turn                (no ring)

@: no status effects
A: sickness immunity, AC +3, negative energy resistance 1, electricity
resistance, torment resistance 1, petrification resistance
a: no special abilities


You were on level 2 of the Dungeon.
You visited 1 branch of the dungeon, and saw 2 of its levels.

You collected 112 gold pieces.


Innate Abilities, Weirdness & Mutations

You are immune to sickness and miasma.
Your stone body is resilient. (AC +3)
You are immune to poison.
You resist negative energy. (rN+)
You are resistant to electric shocks. (rElec)
You are resistant to unholy torment.
You are immune to petrification.


   Skills:
 - Level 3.2 Fighting
 + Level 3.5 Axes
 - Level 3.2 Armour
 - Level 3.2 Shields


You had 2 spell levels left.
You didn't know any spells.
Your spell library was empty.

Inventory:

Hand Weapons
 h - a +0 flail
 Y - a +0 war axe (weapon)
Armour
 b - a +0 scale mail (worn)
 c - a +0 buckler (worn)
 k - a +0 helmet (worn)
Jewellery
 e - a ring of protection from fire (left hand)
 g - an amulet of guardian spirit (around neck)
Scrolls
 a - a scroll of identify
Potions
 d - a potion of might
 f - a potion of invisibility {unknown}
 i - a potion of curing {unknown}

Dungeon Overview and Level Annotations

Branches:
Dungeon (2/15)

Altars:


Message History

Natasha is heavily wounded.
You slash the crimson imp! Natasha claws you but does no damage.
The crimson imp blinks!
You hit Natasha.
Natasha is severely wounded.
You hit the hobgoblin.
A quokka comes into view.
Natasha claws you.
The hobgoblin hits you but does no damage.
Natasha closely misses you.
You barely miss Natasha.
Natasha is severely wounded.
You closely miss the hobgoblin.
The crimson imp disappears in a puff of smoke!
The hobgoblin hits you. Natasha barely misses you.
The hobgoblin hits you but does no damage.
You closely miss Natasha.
Natasha is severely wounded.
You closely miss the hobgoblin. Natasha claws you but does no damage.
The hobgoblin hits you but does no damage.
You closely miss Natasha.
Natasha is severely wounded.
You slash the hobgoblin!
You kill the hobgoblin!
Natasha closely misses you.
Natasha wildly gestures.
Natasha glows brightly for a moment.
You block Natasha's attack.
You hit Natasha.
Natasha is severely wounded.
You completely miss the quokka.
The quokka bites you but does no damage.
Natasha misses you.
You slash Natasha!
You kill Natasha!
Natasha screams in pain as she dies!
You hit the quokka but do no damage. The quokka bites you.
You die...

#.<.
##....###
####
##(.......
#.......#
.......#
.......##
#........
##%r...##
..####
#.@%....#.
......
#.........
##...
#.<.......
#....
##.....#..
#..###
##...## .
.. ####
.####
.....
#####


You could see a quokka.

Vanquished Creatures
  Natasha (D:2)
  2 dart slugs (D:1)
  4 orcs (D:2)
  2 ball pythons (D:1)
  A bat (D:2)
  An endoplasm (D:1)
  A giant cockroach (D:2)
  5 hobgoblins
  3 jackals (D:1)
  A quokka (D:2)
  3 frilled lizards
  4 goblins
  A kobold (D:1)
  4 rats
33 creatures vanquished.

Vanquished Creatures (others)
  2 fungi (D:1)
2 creatures vanquished.

Grand Total: 35 creatures vanquished

Notes
Turn   | Place    | Note
-------+----------+-------------------------------------------
     0 | D:1      | qw the Gargoyle Fighter began the quest for the Orb.
     0 | D:1      | Reached XP level 1. HP: 14/14 MP: 1/1
     0 | D:1      | 0 ||| qw: Version: 0.2-a-10-g37ed214
     0 | D:1      | 0 ||| qw: Game counter: 605
     0 | D:1      | 0 ||| qw: Always use a shield: true
     0 | D:1      | 0 ||| qw: God list: Okawaru
     0 | D:1      | 0 ||| qw: Allow faded altars: false
     0 | D:1      | 0 ||| qw: Do Orc after D:15 true
     0 | D:1      | 0 ||| qw: Do second Lair branch before Depths: true
     0 | D:1      | 0 ||| qw: Lair rune preference: random
     0 | D:1      | 0 ||| qw: Plans: Normal, Zot:1-4, God:TSO, Crypt, Tomb,
                  | Pan, Slime:5, Hells, Abyss, Orb
     0 | D:1      | 0 ||| PLANNING D:1-11
    42 | D:1      | 42 ||| Stepping ~*~*~tactically~*~*~ (stealth).
   194 | D:1      | Found a faded altar of an unknown god.
   204 | D:1      | 204 ||| Stepping ~*~*~tactically~*~*~ (stealth).
   207 | D:1      | Reached XP level 2. HP: 19/19 MP: 2/2
   369 | D:1      | You fall into a shaft and drop 1 floor!
   375 | D:2      | 375 ||| Stepping ~*~*~tactically~*~*~ (stealth).
   378 | D:2      | 378 ||| Stepping ~*~*~tactically~*~*~ (stealth).
   390 | D:2      | 390 ||| Stepping ~*~*~tactically~*~*~ (stealth).
   413 | D:2      | 413 ||| Stepping ~*~*~tactically~*~*~ (stealth).
   424 | D:2      | 424 ||| Stepping ~*~*~tactically~*~*~ (stealth).
   426 | D:2      | 426 ||| Stepping ~*~*~tactically~*~*~ (stealth).
   427 | D:2      | 427 ||| Stepping ~*~*~tactically~*~*~ (stealth).
   428 | D:2      | 428 ||| Stepping ~*~*~tactically~*~*~ (stealth).
   430 | D:2      | 430 ||| Stepping ~*~*~tactically~*~*~ (stealth).
   440 | D:2      | HP: 4/19 [orc/+0 short sword (2)]
   444 | D:2      | Reached skill level 3 in Axes
   445 | D:2      | Reached XP level 3. HP: 5/23 MP: 3/3
   469 | D:2      | 469 ||| Stepping ~*~*~tactically~*~*~ (stealth).
   475 | D:2      | HP: 4/23 [orc/+0 club (4)]
   785 | D:2      | 785 ||| UPGRADING to amulet of guardian spirit.
   790 | D:2      | 790 ||| DROPPING amulet of faith.
   791 | D:2      | 791 ||| UPGRADING to ring of protection from fire.
   809 | D:1      | 809 ||| Stepping ~*~*~tactically~*~*~ (stealth).
   814 | D:1      | 814 ||| Stepping ~*~*~tactically~*~*~ (stealth).
   966 | D:1      | 966 ||| Stepping ~*~*~tactically~*~*~ (stealth).
   967 | D:1      | 967 ||| Stepping ~*~*~tactically~*~*~ (stealth).
  1034 | D:1      | 1034 ||| Stepping ~*~*~tactically~*~*~ (stealth).
  1256 | D:1      | 1256 ||| UPGRADING to +0 helmet.
  1261 | D:1      | 1261 ||| READING 2 scrolls labelled XISE UBAJU.
  1276 | D:2      | Noticed Natasha
  1290 | D:2      | HP: 3/23 [Natasha/puff of flame (4)]
  1295 | D:2      | HP: 1/23 [hobgoblin (1)]
  1299 | D:2      | Killed Natasha
  1299 | D:2      | Slain by a quokka

Levels and vault maps discovered:
D:1:      matt_arrival_los_fun, layout_rooms,
          shapermc_ecumenical_altar_rom_forum, chequers_serial_rivers_room_b,
          kennysheep_crisscross
D:2:      layout_rooms, uniq_natasha

Skill      XL: |  1  2 |
---------------+-------+-----
Axes           | 2 3 |  3.5
Fighting       | |  3.2
Armour         | |  3.2
Shields        | |  3.2

Action                   || total
-------------------------++-------
Melee: War axe           ||    89
  Use: Scroll            ||     1
Armor: Scale mail        ||    55
Dodge: Dodged            ||    41
Block: Buckler           ||    17

Table legend:
 A = Non-vault XP
 B = Vault XP
 C = Vault XP percentage of total XP
 D = Non-vault monster count
 E = Vault monster count
 F = Vault count percentage of total count
                 A         B        C        D         E       F
            +---------+---------+-------+---------+---------+-------
      Total |      61 |      37 |  37.8 |      32 |       1 |   3.0
            +---------+---------+-------+---------+---------+-------
        D:1 |      32 |       0 |   0.0 |      17 |       0 |   0.0
        D:2 |      29 |      37 |  56.1 |      15 |       1 |   6.2
            +---------+---------+-------+---------+---------+-------
